 Dungeon Crawl Stone Soup version 0.21-a0-531-gacddea6 (webtiles) character file.

113 slep the Chopper (level 4, 0/51 HPs)
             Began as a Demonspawn Gladiator on Dec 12, 2017.
             Slain by a goblin
             ... wielding a +0 dagger
             ... led by Robin
              (1 damage)
             ... on level 3 of the Dungeon.
             The game lasted 00:06:06 (1718 turns).

slep the Chopper (Demonspawn Gladiator)             Turns: 1718, Time: 00:06:11

Health: 0/51       AC:  5    Str: 20    XL:     4   Next: 65%
Magic:  4/4        EV: 13    Int:  9    God:
Gold:   114        SH:  0    Dex: 15    Spells: 3/3 levels left

rFire    . . .     SeeInvis .   a - +0 war axe
rCold    . . .     Gourm    .   (no shield)
rNeg     . . .     Faith    .   b - +0 leather armour
rPois    .         Spirit   .   c - +0 helmet
rElec    .         Reflect  .   (no cloak)
rCorr    .         Harm     .   (no gloves)
MR       .....                  t - +0 pair of boots (curse)
Stlth    ..........             k - amulet of rage
HPRegen  0.17/turn              (no ring)
MPRegen  0.09/turn              (no ring)

@: mighty, berserking, lethally poisoned (0 -> -2), flying, very quick
A: claws 1, talons 1, nightstalker 1
a: Evoke Berserk Rage


You were on level 3 of the Dungeon.
You were not hungry.

You visited 1 branch of the dungeon, and saw 3 of its levels.

You collected 114 gold pieces.

Inventory:

Hand Weapons
 a - a +0 war axe (weapon)
Missiles
 d - 3 throwing nets (quivered)
Armour
 b - a +0 leather armour (worn)
 c - a +0 helmet (worn)
 t - a cursed +0 pair of boots (worn)
Jewellery
 h - an uncursed ring of ice
 k - an amulet of rage (around neck)
Wands
 p - a wand of flame (28)
Scrolls
 l - a scroll of identify {unknown}
 m - a scroll of amnesia {unknown}
 n - a scroll of blinking {unknown}
 o - 2 scrolls of magic mapping {unknown}
 q - 3 scrolls of remove curse {unknown}
Potions
 e - 2 potions of flight
Comestibles
 f - 3 bread rations
 g - 3 royal jellies
 j - 2 meat rations
 s - 4 fruits
 u - 6 chunks of flesh


   Skills:
 + Level 2.5 Fighting
 + Level 3.9 Axes
 + Level 1.8 Throwing
 + Level 1.1 Armour
 + Level 3.1 Dodging
 + Level 1.0 Stealth


You had 3 spell levels left.
You didn't know any spells.

Dungeon Overview and Level Annotations

Branches:
Dungeon (3/15)

Altars:
Dithmenos


Innate Abilities, Weirdness & Mutations

You have sharp fingernails.
You have sharp toenails.
You are slightly more attuned to the shadows.


Message History

It was a potion of flight.
You feel very buoyant.
You fly up into the air.
* * * LOW HITPOINT WARNING * * *
You feel sick. The goblin hits you with a club.
* * * LOW HITPOINT WARNING * * *
The worker ant waves its antennae.
The worker ant closely misses you. The goblin closely misses you.
It was a potion of might.
You feel very mighty all of a sudden. The worker ant barely misses you.
The goblin hits you but does no damage. The goblin misses you.
It was a potion of berserk rage.
A red film seems to cover your vision as you go berserk!
You feel yourself moving faster!
You feel mighty!
* * * LOW HITPOINT WARNING * * *
You feel sick.
The worker ant bites you but does no damage.
The goblin misses you. The goblin hits you with a dagger.
You die...

....... ..##### .. #.
.. ....### # ..#.#.#
..# #.... #.
.#.#.##...###. #.##.
#.. .....#.....#..#....
....#.#........#..#####
#....gg.............###
#....a@................
...>.)...........######
.......................
........#.....##.###.##
##.##.#.##...........##
#. #.#.##...........##
. .........######....
a.......†.÷.......##
.........##......#


You could see a worker ant and 2 goblins.

Vanquished Creatures
  4 adders
  2 worms (D:2)
  A dart slug (D:1)
  A leopard gecko (D:2)
  5 giant cockroaches
  7 goblins
  5 hobgoblins
  9 jackals
  3 quokkas
  10 bats
  A frilled lizard (D:1)
  9 kobolds
  7 rats
64 creatures vanquished.

Notes
Turn   | Place    | Note
-------+----------+-------------------------------------------
     0 | D:1      | slep the Demonspawn Gladiator began the quest for the Orb.
     0 | D:1      | Reached XP level 1. HP: 16/16 MP: 1/1
   102 | D:1      | Gained mutation: You are slightly more attuned to the shadows. [demonic ancestry]
   102 | D:1      | Reached XP level 2. HP: 8/22 MP: 2/2
   573 | D:1      | Gained mutation: You have sharp fingernails. [demonic ancestry]
   573 | D:1      | Reached XP level 3. HP: 27/27 MP: 3/3
  1298 | D:3      | Gained mutation: You have sharp toenails. [demonic ancestry]
  1298 | D:3      | Reached XP level 4. HP: 12/34 MP: 4/4
  1629 | D:3      | Reached skill level 1 in Stealth
  1637 | D:3      | Found a shadowy altar of Dithmenos.
  1645 | D:3      | Reached skill level 1 in Armour
  1716 | D:3      | HP: 1/34 [goblin/club[Robin] (1)]
  1718 | D:3      | Slain by a goblin

Vault maps used:
D:1:      enne_arrival_octagon_isle
D:2:      first_bread
D:3:      nicolae_dithmenos_shadow_blocks, minmay_misc_feat_plants, uniq_robin

Skill      XL: |  1  2  3  4 |
---------------+-------------+-----
Axes           | 3 |  3.9
Dodging        | 3 |  3.1
Stealth        | 1 |  1.0
Armour         | 1 |  1.1
Fighting       | |  2.5
Throwing       | |  1.8

Action                   |  1- 3 |  4- 6 || total
-------------------------+-------+-------++-------
Melee: War axe           |   127 |    44 ||   171
       Kick              |       |     8 ||     8
  Use: Potion            |       |     3 ||     3
 Stab: Sleeping          |     7 |     1 ||     8
       Distracted        |     1 |       ||     1
  Eat: Chunk             |       |     3 ||     3
Armor: Leather armour    |    65 |    18 ||    83
Dodge: Dodged            |   119 |    48 ||   167

Table legend:
 A = Spawn XP
 B = Non-spawn XP
 C = Spawn XP percentage of total XP
 D = Spawn monster count
 E = Non-spawn monster count
 F = Spawn count percentage of total count
 G = Total turns spent on level
                    A         B        C        D         E        F      G
               +---------+---------+-------+---------+---------+-------+---------
         Total |       0 |     162 |   0.0 |       0 |      64 |   0.0 |  1718
               +---------+---------+-------+---------+---------+-------+---------
           D:1 |       0 |      41 |   0.0 |       0 |      26 |   0.0 |   666
           D:2 |       0 |      48 |   0.0 |       0 |      17 |   0.0 |   606
           D:3 |       0 |      73 |   0.0 |       0 |      21 |   0.0 |   446
               +---------+---------+-------+---------+---------+-------+---------
